[Event "*** SCC Grand Prix: Titled Tuesday Blitz"]
[Site "Chess.com"]
[Date "2020.07.07"]
[Round "8"]
[White "maciek_92"]
[Black "MomchilPetkov"]
[Result "1-0"]
[WhiteElo "2680"]
[BlackElo "2541"]
[TimeControl "180+1"]
[EndTime "11:37:19 PDT"]
[Termination "maciek_92 won by checkmate"]

1. d4 Nf6 2. Bg5 Ne4 3. h4 c5 4. d5 Qb6 5. Nd2 Nxd2 6. Bxd2 Qxb2 7. e4 g6 8. Rb1 Qe5 9. Bd3 Bg7 10. Nf3 Qc7 11. c4 d6 12. h5 Nd7 13. Be2 Ne5 14. Nh4 a6 15. f4 Nd7 16. g4 b5 17. g5 b4 18. Qb3 a5 19. a4 Nb6 20. f5 Bd7 21. f6 exf6 22. h6 Bf8 23. gxf6 Bxa4 24. Qg3 O-O-O 25. Ra1 Kb7 26. O-O g5 27. Nf5 Ra8 28. Bxg5 Bd7 29. Ng7 a4 30. Bf4 a3 31. e5 dxe5 32. Bxe5 Qd8 33. Bf3 Nc8 34. d6+ Kb6 35. Bxa8 Na7 36. Bd5 Bc6 37. Rxa3 bxa3 38.
Rb1+ Ka6 39. Qxa3+ Qa5 40. Qxa5+ Kxa5 41. Bc3+ Ka6 42. Ra1+ Kb7 43. Rxa7+ Kxa7 44. Bxc6 Bxd6 45. Bd5 Rf8 46. Kf2 Bf4 47. Nf5 Bg5 48. Kf3 Rb8 49. Kg4 Bc1 50. Bxf7 Rf8 51. Bd5 Kb6 52. f7 Kc7 53. Bg7 Rxf7 54. Bxf7 Kc6 55. Bd5+ Kb6 56. Kh5 Bd2 57. Bg8 Bf4 58. Bxh7 Bd6 59. Bg8 Kc6 60. Bd5+ Kd7 61. h7 Bf8 62. h8=Q Bxg7 63. Qh7 Ke8 64. Qxg7 Kd8 65. Qe7+ Kc8 66. Nd6+ Kb8 67. Qb7# 1-0

[Event "*** SCC Grand Prix: Titled Tuesday Blitz"]
[Site "Chess.com"]
[Date "2020.07.07"]
[Round "8"]
[White "Artur0208"]
[Black "IMHansNiemann"]
[Result "1/2-1/2"]
[WhiteElo "2790"]
[BlackElo "2925"]
[TimeControl "180+1"]
[EndTime "11:37:20 PDT"]
[Termination "Game drawn - insufficient material"]

1. d4 g6 2. e4 Bg7 3. Nc3 d6 4. Be3 Nf6 5. f3 c6 6. Qd2 Nbd7 7. h4 b5 8. g4 Nb6 9. h5 Bb7 10. h6 Bf8 11. g5 Nfd7 12. d5 b4 13. dxc6 Bxc6 14.
Nd5 e6 15. Nxb4 Bb7 16. Bd4 Rg8 17. Bb5 a6 18. Bxb6 Qxb6 19. Bxd7+ Kxd7 20. O-O-O Be7 21. Ne2 Rgc8 22. Kb1 a5 23. Nd3 Ba6 24. f4 Rab8 25.
b3 a4 26. f5 axb3 27. axb3 Ke8 28. fxe6 fxe6 29. Rhf1 Bxg5 30. Qxg5 Rxc2 31. Rf8+ Kxf8 32.
Qf6+ Ke8 33. Qxe6+ Kd8 34. Kxc2 Rc8+ 35. Kb2 Bc4 36.
Qf6+ Kd7 37. Nec1 Kc7 38. Ne5 Bb5 39. Qe7+ Kb8 40. Qxd6+ Qxd6 41. Rxd6 Be8 42. Re6 Kc7 43. Re7+ Kd6 44. Rxh7 Kxe5 45. Rh8 Kf6 46. e5+ Kf7 47. Nd3 Bd7 48. Rxc8 Bxc8 49. b4 g5 50. b5 Kg6 51. Kc3 Kxh6 52. Kd4 Kg6 53. Ke4 Bb7+ 54. Ke3 Kf5 55. e6 Kf6 56. Nc5 Bd5 57. b6 Bc6 58.
Kf2 Ke7 59. Kg3 Kd6 60. b7 Bxb7 61. Nxb7+ Kxe6 62. Kg4 Kf6 63. Nc5 Ke5 64. Ne4 Kxe4 65. Kxg5 1/2-1/2

[Event "*** SCC Grand Prix: Titled Tuesday Blitz"]
[Site "Chess.com"]
[Date "2020.07.07"]
[Round "8"]
[White "anesar92"]
[Black "iaraldinho"]
[Result "0-1"]
[WhiteElo "2719"]
[BlackElo "2578"]
[TimeControl "180+1"]
[EndTime "11:37:20 PDT"]
[Termination "iaraldinho won by resignation"]

1. e4 c5 2. Nf3 a6 3. c3 d5 4.
exd5 Qxd5 5. d4 cxd4 6. cxd4 Nf6 7. Nc3 Qd6 8. Ne5 Nc6 9. Qa4 Qxd4 10. Nxc6 Qxa4 11. Nxa4 bxc6 12. Nb6 Rb8 13. Nxc8 Rxc8 14.
Bxa6 Rb8 15. Bf4 Rb4 16. Be3 Nd5 17. Bc5 Rxb2 18. O-O e6 19. Rab1 Rxa2 20. Rb8+ Kd7 21. Rb7+ Kd8 22. Bxf8 Rxf8 23. Bc4 Ra8 24. Rfb1 Rc8 25.
g3 Rc7 26. R7b3 Ke7 27. Kg2 Rd8 28. Bd3 h6 29. Rc1 Kf6 30. Be4 Rd6 31. Rf3+ Ke7 32.
Ra3 f5 33. Bf3 Kf6 34. Ra6 Ne7 35. h4 e5 36. Be2 e4 37. h5 Ke5 38. Ra5+ c5 39.
Ra8 Rdc6 40. Bc4 Rd6 41. Re8 Rd4 42. Be2 Kd6 43. Ra1 c4 44. Bd1 Nc6 45. Ba4 Kc5 46.
Bxc6 Rxc6 47. Ra5+ Kb4 48. Rxf5 c3 49. Rb8+ Kc4 50. Rb1 c2 51. Rc1 Kc3 52. Rf7 Kd2 53. Rxc2+ Rxc2 54. Rxg7 Ke1 55. Kh3 Rxf2 56. Rg6 Rf3 57.
Rxh6 Kf2 58. Rg6 Rdd3 59. Kh4 Rxg3 60. Rf6+ Rdf3 61. Rc6 e3 62. h6 e2 0-1

[Event "*** SCC Grand Prix: Titled Tuesday Blitz"]
[Site "Chess.com"]
[Date "2020.07.07"]
[Round "8"]
[White "grunbergmihai"]
[Black "Chessmasterzt"]
[Result "0-1"]
[WhiteElo "2447"]
[BlackElo "2603"]
[TimeControl "180+1"]
[EndTime "11:37:20 PDT"]
[Termination "Chessmasterzt won on time"]

1. Nf3 Nf6 2. c4 c5 3. Nc3 g6 4. d4 cxd4 5. Nxd4 Nc6 6. e4 d6 7. Be2 Bg7 8. Be3 O-O 9. O-O Nxd4 10. Bxd4 Bd7 11. Qd2 Bc6 12. f3 Nd7 13. Be3 a5 14. b3 Nc5 15. Rab1 Be5 16. Bd1 e6 17. a3 Qh4 18. g3 Qh3 19. b4 axb4 20. axb4 Ra3 21. bxc5 Bxc3 22. Qc1 Ra2 23. Rf2 Rxf2 24. Bxf2 Be5 25. cxd6 Bxd6 26. Qd2 Be5 27. Qg5 f6 28. Qe3 Rd8 29. Qe2 Bd4 30. Bc2 e5 31. Rd1 Bxf2+ 32. Qxf2 Rxd1+ 33. Bxd1 Qd7 34. Be2 Qd2 35. Bf1 Qc3 36. Qc5 Qxf3 37. Bg2 Qd1+ 38. Kf2 Qd2+ 39. Kg1 Qd4+ 40. Qxd4 exd4 41. Kf2 Kf7 42. Ke2 Ke6 43. Kd3 Ke5 44. g4 g5 45. Bf3 b6 46. Bg2 Bd7 47.
Bf3 Be6 48. Be2 Bf7 49. Bf3 Be8 50. Bg2 Bc6 51. Bf3 Ba4 52. Be2 b5 53. c5 Bb3 54.
Bf3 Bc4+ 55. Kd2 b4 56. Kc2 Kf4 57. Bg2 Ke3 58. c6 d3+ 59. Kb2 d2 60. Kc2 Bb3+ 0-1

[Event "*** SCC Grand Prix: Titled Tuesday Blitz"]
[Site "Chess.com"]
[Date "2020.07.07"]
[Round "8"]
[White "GregShahade"]
[Black "TigrVShlyape"]
[Result "0-1"]
[WhiteElo "2671"]
[BlackElo "2887"]
[TimeControl "180+1"]
[EndTime "11:37:22 PDT"]
[Termination "TigrVShlyape won by checkmate"]

1. e4 e5 2. Nf3 Nc6 3. Bb5 a6 4. Ba4 Nf6 5. O-O Be7 6. Re1 b5 7.
Bb3 d6 8. c3 O-O 9. h3 Nb8 10.
d4 Nbd7 11. Nbd2 Bb7 12. Bc2 Re8 13. Nf1 Bf8 14. Ng3 g6 15. a4 Bg7 16. Bd3 c6 17. b4 Nb6 18. a5 Nbd7 19. Bg5 h6 20.
Be3 Qe7 21. Qd2 Qf8 22. Rad1 Rac8 23. Bb1 Kh7 24. Nh2 c5 25. bxc5 dxc5 26. dxe5 Nxe5 27.
Bf4 Nc4 28. Qe2 Nd5 29. Qf3 Nxf4 30. Qxf4 Be5 31. Qf3 Rcd8 32. h4 Bc8 33. h5 Qe7 34.
Rd5 Kg7 35. Ng4 Qg5 36. Nxe5 Nxe5 37. Qe2 Bg4 38. Qe3 Qxe3 39. Rxe3 Nc4 40. Red3 Rc8 41. hxg6 fxg6 42. f3 Be6 43. Rd7+ Bxd7 44. Rxd7+ Kf8 45.
e5 Nxe5 46. Rd6 Rcd8 47. Rf6+ Kg7 48. Rxa6 Rd1+ 49. Kh2 Rxb1 50. Ra7+ Kf8 51. a6 Ra1 52. Ne4 Re7 53. Ra8+ Kg7 54. Nxc5 g5 55. Ne4 Ng6 56. Nd6 Nh4 57. g3 Re2+ 58. Kh3 Nxf3 59. a7 h5 60. Nf5+ Kg6 61. Rg8+ Kxf5 62. Rf8+ Ke4 63. Re8+ Kd3 64. a8=Q Rxa8 65. Rxa8 g4# 0-1

[Event "*** SCC Grand Prix: Titled Tuesday Blitz"]
[Site "Chess.com"]
[Date "2020.07.07"]
[Round "8"]
[White "XDPS"]
[Black "Gennady_Kozlov"]
[Result "0-1"]
[WhiteElo "2716"]
[BlackElo "2560"]
[TimeControl "180+1"]
[EndTime "11:37:22 PDT"]
[Termination "Gennady_Kozlov won on time"]

1. d4 e6 2. Nf3 Nf6 3. Bf4 Be7 4.
e3 O-O 5. h3 d5 6. Nbd2 c5 7. c3 Nc6 8. Bd3 Bd6 9. dxc5 Bxc5 10. Qe2 Bd6 11. Bxd6 Qxd6 12. e4 dxe4 13. Bxe4 Nxe4 14. Nxe4 Qf4 15. O-O Bd7 16. Nc5 Bc8 17.
Rad1 b6 18. Ne4 Bb7 19. Nd6 Rab8 20. Nxb7 Rxb7 21. Rd3 Ne7 22. Rfd1 Nd5 23. Rd4 Qf6 24. c4 Nf4 25. Qe3 Ng6 26. b3 h6 27. Qe4 Re7 28. g3 Rfe8 29. h4 Qf5 30. Qe3 e5 31. Rd5 f6 32.
Nd2 Qh3 33. Qe4 Nf8 34. Qg2 Qg4 35. Ne4 f5 36. Nd6 Rb8 37. f3 Qg6 38. g4 fxg4 39.
Qxg4 Qf6 40. Nf5 Rf7 41. Nd6 Qxf3 42. Qxf3 Rxf3 43. Rxe5 Ng6 44. Re4 Rd8 45. Kg2 Rf6 46. Red4 Nxh4+ 47. Rxh4 Rfxd6 48. Rxd6 Rxd6 49. Kf3 Rd2 50. Ke4 Rxa2 51. Kd5 Kh7 52. b4 Rd2+ 53. Kc6 g5 54. Rh1 g4 55. Ra1 Rc2 56. Rxa7+ Kg6 57. c5 bxc5 58. b5 Rb2 59. b6 c4 60. Ra4 h5 61. Rxc4 g3 62. b7 g2 63. Rc1 h4 64.
Kc7 h3 65. Rc6+ Kf5 66. Rb6 Rxb6 0-1

[Event "*** SCC Grand Prix: Titled Tuesday Blitz"]
[Site "Chess.com"]
[Date "2020.07.07"]
[Round "8"]
[White "Chesswizard_2007"]
[Black "Munkhzul_Turmunkh"]
[Result "1-0"]
[WhiteElo "2470"]
[BlackElo "2596"]
[TimeControl "180+1"]
[EndTime "11:37:23 PDT"]
[Termination "Chesswizard_2007 won by resignation"]

1. d4 Nf6 2. c4 e6 3. Nf3 d5 4.
g3 Be7 5. Bg2 O-O 6. O-O dxc4 7.
Ne5 Nc6 8. Bxc6 bxc6 9. Nxc6 Qe8 10. Nxe7+ Qxe7 11. Qc2 c5 12. Qxc4 cxd4 13. Qxd4 e5 14. Qh4 h6 15. b3 Rd8 16. Bb2 Ba6 17. Re1 Rac8 18. Qa4 Qe6 19. Nc3 Rd2 20. Qa3 Qc6 21. Rad1 Rxb2 22. Qxb2 Qxc3 23. Rd8+ Kh7 24. Qb1+ e4 25.
Rxc8 Qxc8 26. Rc1 Qh3 27. Qc2 Bb7 28. f3 g6 29. Rf1 exf3 30. exf3 Kg7 31. Qg2 Qe6 32.
Qf2 Ba6 33. Re1 Qd7 34. Qe3 Bb7 35. Qxa7 Qc6 36. Qf2 h5 37. a4 Qc3 38. Rf1 Qxb3 39. a5 Qb5 40. Qb6 Qxb6+ 41. axb6 Nd5 42. Rd1 Kf6 43.
Kf2 Ke6 44. h4 Kd6 45. g4 Kc6 46. gxh5 gxh5 47. Rg1 f6 48. Rg6 Kxb6 49. Rh6 Kc5 50. Rxh5 Kd6 51. Rh8 Ke6 52. h5 Bc6 53. h6 Kf7 54.
Rc8 Ne7 55. h7 Ng6 56. Rxc6 Kg7 57. Rc7+ Kh6 58. Kg3 Kg5 59. Rg7 Kf5 60. Rxg6 Kxg6 61. h8=Q 1-0

[Event "*** SCC Grand Prix: Titled Tuesday Blitz"]
[Site "Chess.com"]
[Date "2020.07.07"]
[Round "8"]
[White "alfiefischer77"]
[Black "malakismayil"]
[Result "0-1"]
[WhiteElo "2285"]
[BlackElo "2156"]
[TimeControl "180+1"]
[EndTime "11:37:23 PDT"]
[Termination "malakismayil won on time"]

1. e4 e5 2. Nf3 Nc6 3. Bb5 a6 4. Ba4 Nf6 5. Qe2 b5 6. Bb3 Be7 7. c3 d6 8. O-O O-O 9. Rd1 Re8 10. d4 Bf8 11. Bg5 h6 12. Bxf6 Qxf6 13. a4 Rb8 14. axb5 axb5 15. d5 Ne7 16. Ra7 Bb7 17.
Nbd2 Nc8 18. Ra5 c6 19. Rda1 g5 20. Nf1 Be7 21. Ne3 Bd8 22. R5a2 Ne7 23. dxc6 Bxc6 24. Nd5 Bxd5 25. Bxd5 Nxd5 26. exd5 Bb6 27. Nd2 Qg6 28.
Kh1 f5 29. f3 Qh5 30. Ra6 Re7 31. Nf1 f4 32. Qxb5 Kg7 33. Rxb6 Rd8 34. Rb7 Re8 35.
Rc7 Rxc7 36. Qb6 Rd7 37. Qc6 Red8 38. Nd2 g4 39. Rg1 g3 40. h3 Qg6 41. Ne4 Qf7 42. Ra1 Rc7 43. Qb6 Rcd7 44. Ra6 Qe7 45. Qc6 h5 46. b4 Kg6 47. b5 Kf5 48. b6 h4 49. b7 Rxb7 50. Nxd6+ Rxd6 51. Qc8+ Kg5 52.
Qg4+ Kf6 53. Qxh4+ Kf7 54. Qh7+ Ke8 55. Qg8+ Kd7 56. Qg4+ Kc7 57. Rc6+ Rxc6 0-1

[Event "*** SCC Grand Prix: Titled Tuesday Blitz"]
[Site "Chess.com"]
[Date "2020.07.07"]
[Round "8"]
[White "HouseOfDurin"]
[Black "Ole83"]
[Result "0-1"]
[WhiteElo "2025"]
[BlackElo "2273"]
[TimeControl "180+1"]
[EndTime "11:37:25 PDT"]
[Termination "Ole83 won by resignation"]

1. d4 Nf6 2. Bg5 e6 3. e4 Be7 4.
Bxf6 Bxf6 5. e5 Be7 6. Qg4 O-O 7. Bd3 f6 8. Nf3 Nc6 9. h4 f5 10. Qf4 Nb4 11. Qd2 Nxd3+ 12. Qxd3 d5 13. exd6 cxd6 14. Nbd2 Bf6 15. O-O-O Bd7 16. Rhe1 b5 17. g3 Re8 18. Qb3 a5 19. a3 Rc8 20. Kb1 h6 21. h5 Qc7 22. c3 Rb8 23. Nh4 Bxh4 24.
gxh4 Qd8 25. Rg1 Qxh4 26. Rg6 Re7 27. Rdg1 Kh8 28. Qd1 Be8 29. Rh1 Qxf2 30. Rgg1 Qf4 31. Nb3 b4 32. axb4 axb4 33. c4 Qe4+ 34. Qc2 Qxc2+ 35. Kxc2 Rc7 36. Kd3 Ba4 37. Nd2 Rbc8 38. b3 Be8 39. Re1 Bf7 40. Re3 Kg8 41. Rhe1 Re8 42. d5 e5 43. Rh1 Ra7 44. Nf3 e4+ 45.
Kd4 exf3 46. Rxf3 Re4+ 47. Kd3 Rae7 48. Rhf1 Bxh5 49. Rxf5 Bg6 50. Rf8+ Kh7 51. Kd2 Re2+ 52. Kc1 Rc2+ 53. Kb1 Ree2 54. Ra8 Ra2+ 55. Kc1 Rxa8 0-1

[Event "*** SCC Grand Prix: Titled Tuesday Blitz"]
[Site "Chess.com"]
[Date "2020.07.07"]
[Round "8"]
[White "theblitzchamp"]
[Black "IwkooO"]
[Result "1-0"]
[WhiteElo "2744"]
[BlackElo "2587"]
[TimeControl "180+1"]
[EndTime "11:37:26 PDT"]
[Termination "theblitzchamp won by resignation"]

1. d4 Nf6 2. Bf4 g6 3. Nc3 d6 4.
Nf3 Bg7 5. Qd2 O-O 6. O-O-O c6 7. Bh6 b5 8. a3 a5 9. Bxg7 Kxg7 10. h4 h5 11. Ng5 b4 12. Nb1 Qb6 13. e4 Nbd7 14.
f4 Rb8 15. a4 Ba6 16. b3 c5 17.
e5 Nd5 18. dxc5 Nxc5 19. Qxd5 Bb7 20. Qd4 Kg8 21. exd6 exd6 22. Qxd6 Nxb3+ 23. cxb3 Qe3+ 24. Kb2 Rbd8 25. Qxd8 Rxd8 26. Rxd8+ Kg7 27. Bc4 Qf2+ 28. Rd2 Qxf4 29. Rf1 Qxh4 30. Rxf7+ Kh6 31. Ne6 Bc8 32. Nf8 Bf5 33. Rh7+ Kg5 34. Rc7 Qf4 35. Rc5 Qe3 36. Ne6+ Kh6 37. Rc6 Qe5+ 38. Nd4 Be4 39. Rb6 Qc5 40. Rb5 Qf8 41. Bd3 Bxd3 42. Rxd3 Qf2+ 43.
Rd2 Qf4 44. Rxa5 h4 45. Rb5 g5 46. Rxb4 g4 47. Rb6+ Kh7 48. Rb7+ Kh6 49. Rb6+ Kh7 50. a5 h3 51. gxh3 gxh3 52. Rb7+ Kg6 53. Rb6+ Kh7 54. a6 h2 55. Rxh2+ Qxh2+ 56. Nc2 Qe5+ 57.
Nc3 Qa5 58. Rb7+ Kh6 59. a7 Qa6 60. Rc7 Kg5 61. Nd4 Kg4 62. Ndb5 Qa5 63. Rc4+ Kf3 64. Ra4 Qd8 65. a8=Q+ 1-0

[Event "*** SCC Grand Prix: Titled Tuesday Blitz"]
[Site "Chess.com"]
[Date "2020.07.07"]
[Round "8"]
[White "VincentKeymer"]
[Black "OK97"]
[Result "1-0"]
[WhiteElo "2897"]
[BlackElo "2771"]
[TimeControl "180+1"]
[EndTime "11:37:27 PDT"]
[Termination "VincentKeymer won by resignation"]

1. Nf3 Nf6 2. c4 e6 3. Nc3 Bb4 4. Qc2 c5 5. a3 Ba5 6. b3 O-O 7. Bb2 d5 8. e3 d4 9. Na2 Nc6 10. b4 cxb4 11. axb4 Nxb4 12. Nxb4 Bxb4 13. Bxd4 b6 14. Bd3 Bb7 15. Rb1 Bd6 16. Bxf6 Qxf6 17.
Bxh7+ Kh8 18. Be4 Bxe4 19. Qxe4 Rac8 20. h4 Rfd8 21. Ng5 Kg8 22. Ke2 Qf5 23. d3 Rc5 24.
Ra1 a5 25. Rhb1 Bc7 26. Qxf5 exf5 27. g3 Rc6 28. Rb5 g6 29. Nf3 Kg7 30. Nd4 Rcd6 31.
Rd1 Re8 32. Nc2 Rde6 33. d4 R6e7 34. c5 bxc5 35. dxc5 a4 36. Ra1 Ra8 37. Nd4 Be5 38. Kd3 Rd7 39. Kc4 Bxd4 40. exd4 a3 41. c6 Ra4+ 42.
Rb4 Rxd4+ 43. Kxd4 Rxb4+ 44. Kc5 Rb3 45. c7 Rc3+ 46. Kd6 Rd3+ 47. Kc6 Rc3+ 48. Kb7 Rb3+ 49. Kc8 Kf6 50. Ra2 Rc3 51. Kd8 Ke6 52. Rxa3 Rxa3 53.
c8=Q+ Kf6 54. Qc6+ Kg7 55. Ke7 Rd3 56. Qc5 Rd1 57. Qe5+ Kg8 58. Kf6 Rd8 59. Qe7 Rf8 60.
f3 1-0

[Event "*** SCC Grand Prix: Titled Tuesday Blitz"]
[Site "Chess.com"]
[Date "2020.07.07"]
[Round "8"]
[White "GMJustin"]
[Black "Andrii_Prydun"]
[Result "0-1"]
[WhiteElo "2265"]
[BlackElo "2401"]
[TimeControl "180+1"]
[EndTime "11:37:27 PDT"]
[Termination "Andrii_Prydun won on time"]

1. e4 d5 2. exd5 Qxd5 3. Nc3 Qd7 4. d4 Nf6 5. Nf3 e6 6. Bc4 Be7 7. O-O O-O 8. Ne5 Qd8 9. d5 exd5 10. Nxd5 Nxd5 11. Bxd5 Bd6 12. Qh5 Qf6 13. Nf3 Bf5 14.
Bxb7 Nd7 15. Bxa8 Rxa8 16. c3 h6 17. Qh4 Qg6 18. Bf4 Be4 19. Bxd6 cxd6 20. Qg3 Qf6 21. Nd4 Ne5 22. Rfe1 Bb7 23. Rad1 h5 24. f3 h4 25.
Qf2 h3 26. f4 Ng6 27. g3 Rc8 28. Nb5 Rd8 29. Nxa7 Qf5 30. a4 Ra8 31. Nb5 Rxa4 32.
Nxd6 Qd7 33. Nxb7 Qxb7 34. Rd8+ Kh7 35. Qe2 Ra5 36. c4 Rc5 37. Rd5 Rxd5 38. cxd5 Qxd5 39. Rd1 Qc6 40. Rd2 Qc5+ 41. Qf2 Qc6 42. Kf1 Ne7 43. Ke1 Nf5 44. Qe2 Qh1+ 45. Qf1 Qe4+ 46. Kd1 Qb1+ 47. Ke2 Qe4+ 48. Kd1 Ne3+ 49. Ke2 Nxf1+ 50.
Kxf1 Qh1+ 51. Ke2 Qxh2+ 52. Kd1 Qxd2+ 53. Kxd2 h2 54. b4 h1=Q 55. b5 Qb7 56. b6 f5 57.
Ke2 g6 58. Kf2 Qxb6+ 0-1

[Event "*** SCC Grand Prix: Titled Tuesday Blitz"]
[Site "Chess.com"]
[Date "2020.07.07"]
[Round "8"]
[White "ChessWarrior7197"]
[Black "Ginger_GM"]
[Result "1-0"]
[WhiteElo "2877"]
[BlackElo "2669"]
[TimeControl "180+1"]
[EndTime "11:37:29 PDT"]
[Termination "ChessWarrior7197 won by resignation"]

1. e4 c5 2. f4 d5 3. Bb5+ Nd7 4. exd5 a6 5. Be2 Ngf6 6. c4 b5 7. d3 Nb6 8. Nf3 e6 9. dxe6 Bxe6 10. O-O Be7 11. Nc3 b4 12. Na4 O-O 13. Be3 Nxa4 14.
Qxa4 Ng4 15. Bd2 Bf6 16. h3 Bd4+ 17. Kh1 Bd7 18. Qc2 Ne3 19. Bxe3 Bxe3 20. Ne5 Bf5 21. Rae1 Bd4 22. Bf3 Rc8 23. Bd5 Qd6 24. Re2 Be6 25.
Bxe6 fxe6 26. Qd1 Rf6 27. Nf3 Rxf4 28. Qe1 Rcf8 29. Rxe6 Qd8 30. b3 Bc3 31. Qe2 Kh8 32. Re4 R4f5 33. Nh2 Rxf1+ 34. Nxf1 Qf6 35. Nh2 Qh6 36. Nf3 Qc1+ 37. Kh2 h6 38. Re8 Qf4+ 39. g3 Qxf3 40. Qxf3 Rxe8 41. h4 Bd4 42. h5 a5 43.
Kh3 Re5 44. Qf7 Kh7 45. Kg4 Kh8 46. Kf4 Kh7 47. g4 Re1 48. Qa7 Rf1+ 49. Ke4 Re1+ 50. Kd5 Rg1 51. Qd7 Rf1 52. Kc6 a4 53. bxa4 Rf2 54.
Qb7 Rxa2 55. Qb5 Rf2 56. a5 Rb2 57. a6 b3 58. a7 Ra2 59. Kb7 b2 60. a8=Q Rxa8 61.
Kxa8 1-0

[Event "*** SCC Grand Prix: Titled Tuesday Blitz"]
[Site "Chess.com"]
[Date "2020.07.07"]
[Round "8"]
[White "Chessdude1987"]
[Black "Angel_Hranitel_37"]
[Result "0-1"]
[WhiteElo "2227"]
[BlackElo "2384"]
[TimeControl "180+1"]
[EndTime "11:37:29 PDT"]
[Termination "Angel_Hranitel_37 won by checkmate"]

1. e4 c5 2. Nf3 e6 3. c3 d5 4.
exd5 Qxd5 5. d4 Nf6 6. Be2 Be7 7. O-O O-O 8. c4 Qd6 9. Nc3 cxd4 10. Nb5 Qc5 11. b4 Qb6 12. c5 Qd8 13. Nbxd4 Nd5 14. Qb3 a5 15. bxa5 Bxc5 16. Bb2 Qxa5 17. Ng5 h6 18.
Ne4 Ba3 19. Bxa3 Qxa3 20. Qxa3 Rxa3 21. Nb5 Ra5 22. Ned6 Bd7 23. a4 Bc6 24. Bf3 Nd7 25.
Nc4 Ra6 26. Ra3 Rfa8 27. Rfa1 Nc5 28. Bxd5 exd5 29. Nc7 dxc4 30. Nxa8 Rxa8 31. a5 Nb3 32. R1a2 Rd8 33. h3 Rd1+ 34. Kh2 Rc1 35. Re2 Nd4 36. Re7 c3 37. Rc7 c2 38. a6 bxa6 39. Rxa6 Rd1 40. Raxc6 Nxc6 41. Rxc6 c1=Q 42. Rxc1 Rxc1 43. Kg3 g6 44.
Kf3 f6 45. Kg3 Kf7 46. Kf3 Kg7 47. Kg3 Kh7 48. Kf3 g5 49. Kg3 Kg6 50. Kf3 f5 51. Kg3 h5 52. Kf3 Rc2 53. Kg3 f4+ 54. Kf3 Kf5 55.
g3 g4+ 56. hxg4+ hxg4+ 57. Kg2 f3+ 58. Kh2 Rxf2+ 59. Kg1 Rg2+ 60. Kf1 Ke4 61. Ke1 Ke3 62. Kf1 Rxg3 63. Ke1 Rg1# 0-1

[Event "*** SCC Grand Prix: Titled Tuesday Blitz"]
[Site "Chess.com"]
[Date "2020.07.07"]
[Round "8"]
[White "PauloCesarCosta_sad"]
[Black "Stronger1799"]
[Result "0-1"]
[WhiteElo "2201"]
[BlackElo "2475"]
[TimeControl "180+1"]
[EndTime "11:37:29 PDT"]
[Termination "Stronger1799 won by checkmate"]

1. Nf3 Nf6 2. c4 g6 3. g3 Bg7 4. Bg2 O-O 5. O-O d5 6. cxd5 Nxd5 7. Nc3 Nb6 8. b3 Nc6 9. Bb2 a5 10. d3 e5 11. Rc1 f5 12. Nd2 Nd4 13. Nc4 Nxc4 14.
dxc4 c6 15. e3 Ne6 16. Qxd8 Rxd8 17. Rcd1 e4 18. Rxd8+ Nxd8 19. Rd1 Be6 20. Na4 Bxb2 21. Nxb2 b5 22. cxb5 cxb5 23. Bf1 b4 24. Bc4 Kf7 25. Bxe6+ Kxe6 26. Nc4 Nb7 27. Kf1 a4 28. Nb6 Ra6 29.
Nxa4 Rc6 30. Ke2 Nd6 31. Rd2 Nf7 32. Rd4 Ne5 33. Rxb4 Rc2+ 34. Kd1 Rxa2 35. Rb6+ Kf7 36. Rb7+ Kf6 37. Rb6+ Kg5 38. Nc5 Rxf2 39. Ne6+ Kh6 40.
Nf4 Ng4 41. Nd5 Rxh2 42. b4 Rh3 43. b5 Rxg3 44. Rb8 Nxe3+ 45. Nxe3 Rxe3 46. Kc2 Re2+ 47. Kc3 Re1 48. Kc2 Ra1 49. b6 e3 50. b7 Ra7 51.
Kd3 f4 52. Rf8 Rxb7 53. Rxf4 Re7 54. Rh4+ Kg5 55. Rh1 h5 56. Ke2 Kh6 57. Rg1 g5 58. Rf1 h4 59. Rf6+ Kh5 60. Rf8 h3 61. Rh8+ Kg4 62.
Rb8 Kg3 63. Rb4 g4 64. Rb1 h2 65. Rh1 Kg2 66. Rxh2+ Kxh2 67. Ke1 Kg2 68. Ke2 Kg3 69.
Ke1 Kf3 70. Kf1 Rc7 71. Ke1 Rc1# 0-1

[Event "*** SCC Grand Prix: Titled Tuesday Blitz"]
[Site "Chess.com"]
[Date "2020.07.07"]
[Round "8"]
[White "Isajevsky_Anton"]
[Black "chargemax23"]
[Result "1-0"]
[WhiteElo "2557"]
[BlackElo "2671"]
[TimeControl "180+1"]
[EndTime "11:37:30 PDT"]
[Termination "Isajevsky_Anton won by resignation"]

1. c4 e6 2. Nf3 d5 3. e3 Nf6 4. Nc3 Be7 5. b3 O-O 6. Bb2 b6 7. cxd5 exd5 8. d4 Bb7 9. Bd3 c5 10. O-O Nc6 11. dxc5 bxc5 12. Rc1 Nb4 13. Bb1 Ne4 14.
a3 Na6 15. Nxe4 dxe4 16. Nd2 f5 17. Nc4 Bf6 18. Qe2 Qc7 19. Rfd1 Rad8 20. Bxf6 Rxf6 21. Rxd8+ Qxd8 22. Rd1 Qc7 23. Qd2 h6 24. g3 Kh7 25.
Qd7 Bc6 26. Qxc7 Nxc7 27. Ne5 Be8 28. Rd8 Re6 29. Nc4 Nb5 30. Bc2 Nc3 31. Kf1 Bh5 32. Ke1 Bf3 33. a4 h5 34. Kd2 Na2 35.
h4 Nb4 36. Bb1 Kg6 37. Kc3 Kf6 38. Rd7 a6 39. Nd2 Bg4 40. Nc4 g5 41. hxg5+ Kxg5 42. Nd6 Kf6 43. Ne8+ Kg6 44. Nd6 Kf6 45. Nb7 Kg5 46.
Nxc5 Rb6 47. a5 Rb5 48. Ne6+ Kf6 49. Nd4 Nd5+ 50. Kc4 Rxa5 51. Rxd5 Ra1 52. Bc2 Rf1 53. Rd6+ Kf7 54. b4 Rxf2 55. Bb3 Ke7 56. Rxa6 Rg2 57. b5 Rxg3 58. b6 Rxe3 59. b7 Re1 60. b8=Q Rc1+ 61. Kd5 f4 62. Ra7+ 1-0

[Event "*** SCC Grand Prix: Titled Tuesday Blitz"]
[Site "Chess.com"]
[Date "2020.07.07"]
[Round "8"]
[White "WashUntilHoles"]
[Black "BlackBoarder"]
[Result "1-0"]
[WhiteElo "2746"]
[BlackElo "2600"]
[TimeControl "180+1"]
[EndTime "11:37:31 PDT"]
[Termination "WashUntilHoles won by checkmate"]

1. e4 e6 2. d4 d5 3. Nd2 c5 4.
Ngf3 cxd4 5. Nxd4 Nf6 6. exd5 Nxd5 7. N2f3 Bb4+ 8. Bd2 O-O 9. Bxb4 Nxb4 10. c3 e5 11. Nxe5 Re8 12. Nf3 Nd5 13. Bc4 Be6 14. O-O f6 15.
Qb3 fxe5 16. Rad1 Qb6 17. Bxd5 Qxb3 18. axb3 Nc6 19. Rfe1 Bxd5 20. Rxd5 Rad8 21. Rxd8 Rxd8 22.
Kf1 Kf7 23. b4 a6 24. Ke2 Kf6 25. Rd1 Rxd1 26. Kxd1 Ne7 27. Ke2 Kf5 28. h3 Nd5 29. g3 Nb6 30. Nd2 Na4 31. Nc4 b5 32. Ne3+ Ke6 33.
Nd1 Kd5 34. Kd3 e4+ 35. Kc2 Nb6 36. Ne3+ Ke5 37. b3 g5 38. c4 Kd4 39. c5 Nc8 40.
Kd2 a5 41. Nc2+ Kd5 42. bxa5 Kxc5 43. Kc3 Na7 44. b4+ Kd5 45. Nd4 h6 46. h4 gxh4 47. gxh4 Ke5 48. h5 Kf4 49. Kd2 Kg4 50. Ke3 Kxh5 51. Kxe4 Kg4 52. f4 h5 53. f5 h4 54. f6 Nc8 55. Ke5 h3 56. f7 h2 57.
f8=Q h1=Q 58. Qxc8+ Kg3 59. Qg8+ Kf2 60. Qa2+ Ke3 61. Qe2# 1-0

[Event "*** SCC Grand Prix: Titled Tuesday Blitz"]
[Site "Chess.com"]
[Date "2020.07.07"]
[Round "8"]
[White "sasko1234"]
[Black "GelmanAlexander"]
[Result "0-1"]
[WhiteElo "2401"]
[BlackElo "2548"]
[TimeControl "180+1"]
[EndTime "11:37:31 PDT"]
[Termination "GelmanAlexander won on time"]

1. b3 c5 2. Bb2 e6 3. e3 a6 4. Nf3 Nf6 5. Be2 d6 6. O-O Nbd7 7. d4 b6 8. c4 Bb7 9. Nc3 Rg8 10. dxc5 bxc5 11.
Qc2 g5 12. Rfd1 Qc7 13. Nd2 g4 14. Bf1 h5 15. Nce4 Nxe4 16. Nxe4 f5 17. Nf6+ Nxf6 18.
Bxf6 Kf7 19. Bh4 Bg7 20. Rac1 Be5 21. Rd2 a5 22. Rcd1 a4 23. Bg3 Bxg3 24. hxg3 Ra6 25. Bd3 Qc6 26. Bf1 axb3 27. axb3 Rga8 28. Qc3 Qc7 29. b4 cxb4 30. Qxb4 Rb6 31. Qc3 Qc5 32.
Rb2 Rxb2 33. Qxb2 Be4 34. Ra1 Rxa1 35. Qxa1 e5 36. Qa6 Qc6 37. Qa7+ Qb7 38. Qa3 Ke6 39. c5 d5 40. Qa5 Qc6 41. Qa7 d4 42. exd4 exd4 43.
Qg7 d3 44. Qg6+ Kd5 45. Qf7+ Kxc5 46. Qb3 Kd4 47. Qb2+ Qc3 48. Qb6+ Qc5 49. Qb2+ Kd5 50. Qb7+ Kc4 51. Qb2 Qb4 52. Qc1+ Qc3 53. Qf4 Qd4 54. Qc7+ Kb3 55. Qa5 Kc2 56. Qa2+ Qb2 57. Qc4+ Qc3 58. Qa2+ Kc1 59. f3 gxf3 60. gxf3 Bxf3 61. Kf2 Be4 62.
Ke3 d2+ 63. Ke2 d1=Q+ 0-1

[Event "*** SCC Grand Prix: Titled Tuesday Blitz"]
[Site "Chess.com"]
[Date "2020.07.07"]
[Round "8"]
[White "Carnivoras"]
[Black "Mazetovic"]
[Result "0-1"]
[WhiteElo "2599"]
[BlackElo "2743"]
[TimeControl "180+1"]
[EndTime "11:37:32 PDT"]
[Termination "Mazetovic won by resignation"]

1. d4 Nf6 2. Nf3 g6 3. Bg5 Bg7 4. Nbd2 O-O 5. e3 d6 6. Bd3 Nbd7 7.
O-O e5 8. c3 Qe7 9. Qc2 Re8 10.
a4 h6 11. Bxf6 Nxf6 12. Ne4 Nxe4 13. Bxe4 c6 14. Nd2 f5 15. Bf3 e4 16. Be2 h5 17.
a5 h4 18. a6 b6 19. d5 c5 20. Bb5 Bd7 21. Qa4 Bxb5 22. Qxb5 Rac8 23. Nc4 Be5 24.
Rfd1 Kg7 25. Rd2 Kh6 26. Na3 g5 27. Qe2 Rg8 28. Nb5 Rcf8 29. Rf1 g4 30. Kh1 Rg5 31.
b3 Kg6 32. c4 Rh8 33. Kg1 Rgh5 34. Re1 R8h7 35. Red1 Qf8 36. Re1 Qh8 37. f4 exf3 38.
gxf3 h3 39. f4 Bc3 40. Nxd6 Bxd2 41. Qxd2 Qf6 42. Nb5 Rd7 43. d6 Rh8 44. Qd5 Re8 45. Qc6 Red8 46. e4 Rxd6 47. Nxd6 Qxd6 48. exf5+ Kxf5 49. Qe4+ Kf6 50. Kh1 Rc8 51. Qe5+ Qxe5 52. fxe5+ Ke6 53.
Kg1 Rg8 54. Re3 Rg5 55. Kf2 Rxe5 56. Rd3 Re4 57. Kg3 Re2 58. Rd8 Rg2+ 59. Kh4 Rxh2 60. Kxg4 Rb2 61. Kxh3 Rxb3+ 62. Kg2 Ra3 63. Re8+ Kd7 64.
Rh8 Rxa6 0-1